 Dungeon Crawl Stone Soup version 0.21-a0-135-g8dc100c (webtiles) character file.

59 Ordine the Magician (level 3, -2/19 HPs)
             Began as a Deep Elf Wizard on July 17, 2017.
             Slain by an adder (5 damage)
             ... on level 2 of the Dungeon.
             The game lasted 00:05:02 (1155 turns).

Ordine the Magician (Deep Elf Wizard)               Turns: 1155, Time: 00:05:02

Health: -2/19      AC:  3    Str:  4    XL:     3   Next: 78%
Magic:  1/11       EV: 13    Int: 23    God:
Gold:   71         SH:  0    Dex: 13    Spells: 0/11 levels left

rFire    . . .     SeeInvis .   (no weapon)
rCold    . . .     Gourm    .   (no shield)
rNeg     . . .     Faith    .   a - +0 robe
rPois    .         Spirit   .   f - +0 helmet
rElec    .         Reflect  .   (no cloak)
rCorr    .         Harm     .   (no gloves)
MR       .....                  (no boots)
Stlth    ++........             (no amulet)
HPRegen  0.06/turn              (no ring)
MPRegen  0.12/turn              (no ring)

@: about to teleport
A: no striking features
a: no special abilities


You were on level 2 of the Dungeon.
You were hungry.

You visited 1 branch of the dungeon, and saw 2 of its levels.

You collected 71 gold pieces.

Inventory:

Armour
 a - a +0 robe (worn)
 f - a +0 helmet (worn)
 h - a +0 buckler
Scrolls
 j - 2 scrolls of teleportation
 l - 3 scrolls of remove curse
Potions
 e - a potion of resistance
 g - a potion of might {unknown}
 i - a potion of heal wounds {unknown}
Books
 c - a book of Minor Magic

   Spells                             Type                      Level
   a - Magic Dart                     Conjuration                  1
   b - Blink                          Translocation                2
   c - Call Imp                       Summoning                    2
   d - Slow                           Hexes                        2
   e - Conjure Flame                  Conjuration/Fire             3
   f - Mephitic Cloud                 Conjuration/Poison/Air       3
Comestibles
 d - a bread ration
 k - 2 meat rations
 m - 2 royal jellies
 n - 3 fruits


   Skills:
 - Level 3.0 Dodging
 + Level 3.1 Stealth
 + Level 4.8 Spellcasting
 + Level 2.0 Conjurations
 + Level 1.5 Summonings
 + Level 2.0 Translocations


You couldn't memorise any spells.
You knew the following spells:

 Your Spells              Type           Power        Failure   Level  Hunger
a - Magic Dart            Conj           ##..         4%          1    None
b - Blink                 Tloc           N/A          6%          2    None
c - Call Imp              Summ           ##......     8%          2    None
d - Conjure Flame         Conj/Fire      ##......     19%         3    ##.....
e - Mephitic Cloud        Conj/Pois/Air  #.......     22%         3    ##.....


Dungeon Overview and Level Annotations

Branches:
Dungeon (2/15)

Altars:
The Shining One


Message History

The bat barely misses you.
You feel sick.
You are no longer poisoned.
The bat hits you but does no damage. The bat misses you.
The bat closely misses you.
Things that are here:
a short sword; 3 stones The bat misses you.
The bat barely misses you.
Casting: Magic Dart
Confirm with . or Enter, or press ? or * to list all spells.
A beastly little devil appears in a puff of flame.
The bat barely misses you. The adder bites you. x2
* * * LOW HITPOINT WARNING * * *
Unknown command.
Okay, then.
As you read the scroll of teleportation, it crumbles to dust.
You feel strangely unstable. The bat barely misses you. The adder bites you.
You die...

###............#
###.............
...............#
#............<..
........######.#
#........####### .........#
#.# #....<...# ≈≈........≈.
#.###........#
.≈..≈≈≈..≈≈..#....>.......#
≈≈≈≈≈≈≈≈≈≈≈..#).b......####
.≈≈≈≈≈≈≈≈≈≈≈≈#.S.......#
.≈≈≈≈≈≈≈≈≈≈..#..@......#
.≈≈≈≈≈..≈ #.........#
.≈≈≈≈♣_ #...5.....#
#.######### #.# #.# #.


You could see an adder, a bat and a friendly crimson imp.

Vanquished Creatures
  2 adders (D:2)
  6 bats (D:1)
  A giant cockroach (D:2)
  7 goblins (D:1)
  6 hobgoblins
  4 frilled lizards (D:1)
  8 kobolds
  8 rats (D:1)
42 creatures vanquished.

Notes
Turn   | Place    | Note
-------+----------+-------------------------------------------
     0 | D:1      | Ordine the Deep Elf Wizard began the quest for the Orb.
     0 | D:1      | Reached XP level 1. HP: 10/10 MP: 7/7
   263 | D:1      | Reached XP level 2. HP: 15/15 MP: 7/9
   267 | D:1      | Learned a level 2 spell: Blink
   270 | D:1      | Learned a level 2 spell: Call Imp
   413 | D:1      | Found a glowing golden altar of the Shining One.
   627 | D:1      | Reached XP level 3. HP: 19/19 MP: 0/11
   715 | D:1      | Learned a level 3 spell: Conjure Flame
   719 | D:1      | Learned a level 3 spell: Mephitic Cloud
  1131 | D:2      | Found a faded altar of an unknown god.
  1155 | D:2      | Slain by an adder

Vault maps used:
D:1:      dpeg_arrival_subterranean_lakeside_camping, minmay_hexomino_r4
D:2:      chequers_ecumenical_altar_island

Skill      XL: |  1  2  3 |
---------------+----------+-----
Stealth        | 3 |  3.1
Dodging        | 3 |  3.0
Conjurations   | 2 |  2.0
Translocations | 2 |  2.0
Spellcasting   | |  4.8
Summonings     | |  1.5

Action                   || total
-------------------------++-------
 Cast: Magic Dart        ||    88
       Call Imp          ||     1
  Use: Scroll            ||     5
Armor: Robe              ||    23
Dodge: Dodged            ||    44
